 Dungeon Crawl Stone Soup version 0.20.0-10-g0535bb4 (webtiles) character file.

81 grindst0ne the Skirmisher (level 4, -8/31 HPs)
             Began as a Gargoyle Fighter on June 7, 2017.
             Splashed by Ijyb's acid (9 damage)
             ... on level 3 of the Dungeon.
             The game lasted 00:02:08 (1445 turns).

grindst0ne the Skirmisher (Gargoyle Fighter)        Turns: 1445, Time: 00:02:08

Health: -8/31      AC:  4    Str: 20    XL:     4   Next: 42%
Magic:  4/4        EV:  5    Int:  8    God:
Gold:   190        SH:  9    Dex: 10    Spells: 3/3 levels left

rFire    . . .     SeeInvis .   a - +0 war axe
rCold    . . .     Gourm    .   c - +0 shield
rNeg     + . .     Faith    .   i - +0 chain mail
rPois    ∞         Spirit   .   (no helmet)
rElec    +         Reflect  .   (no cloak)
rCorr    .         Harm     .   (no gloves)
MR       .....                  (no boots)
Stlth    ..........             (no amulet)
Regen    0.1/turn               (no ring)
MPRegen  0.1/turn               (no ring)

@: corroded
A: negative energy resistance 1, electricity resistance, unbreathing,
petrification resistance, rot immunity, AC +3
a: no special abilities


You were on level 3 of the Dungeon.
You were not hungry.

You visited 1 branch of the dungeon, and saw 3 of its levels.

You collected 190 gold pieces.

Inventory:

Hand Weapons
 a - a +0 war axe (weapon)
Armour
 b - a +0 scale mail
 c - a +0 shield (worn)
 i - a +0 chain mail (worn)
Scrolls
 e - a scroll of recharging {unknown}
 g - a scroll of magic mapping {unknown}
 h - 2 scrolls of remove curse {unknown}
 l - a scroll of random uselessness {unknown}
 n - a scroll of fear {unknown}
 p - 2 scrolls of amnesia {unknown}
 s - a scroll of teleportation {unknown}
Potions
 d - 2 potions of might
 j - 2 potions of brilliance {unknown}
 k - 2 potions of mutation {unknown}
 m - 4 potions of curing {unknown}
 q - a potion of haste {unknown}
 r - a potion of ambrosia {unknown}
 t - a potion of lignification {unknown}
Comestibles
 f - 2 bread rations
 o - 3 chunks of flesh


   Skills:
 - Level 5.2 Fighting
 - Level 1.7 Axes
 + Level 3.8 Armour
 - Level 3.2 Shields


You had 3 spell levels left.
You didn't know any spells.

Dungeon Overview and Level Annotations

Branches:
Dungeon (3/15)

Altars:

Annotations:
D:3 Ijyb


Innate Abilities, Weirdness & Mutations

You are resistant to torment.
Your stone body is resilient. (AC +3)
You are immune to poison.
You resist negative energy. (rN+)
You are resistant to electric shocks. (rElec)
You can survive without breathing.
You are immune to petrification.
You are immune to rotting.


Message History

Some of the chunks of flesh in your inventory have rotted away.
You now have 162 gold pieces (gained 13).
s - a scroll labeled VYBOIB LYID You now have 175 gold pieces (gained 13).
You now have 190 gold pieces (gained 15).
t - a lumpy white potion
m - 4 fizzy grey potions (gained 1)
d - 2 potions of might (gained 1) Ijyb the Twisted Goblin comes into view.
Ijyb shouts!
Ijyb is nearby!
Ijyb is nearby!
Ijyb is nearby!
Ijyb is nearby!
Ijyb zaps a wand.
The bolt of acid hits you! The acid corrodes you!
You are splashed with acid!
The acid burns!
It is a wand of acid (?/15).
Ijyb zaps a wand.
The bolt of acid hits you!
* * * LOW HITPOINT WARNING * * *
The acid corrodes you!
You are splashed with acid!
The acid burns!
You die...

### ..# #.# #.#
#?# #...##g#
#.≈.##.# #...##@#
#.≈.##.# #...##.#
#.≈.##.# ##...##.#
#######≈.≈.≈#.#
#.......≈.≈...#
####.#######....##
.......# ######


You could see Ijyb.

Vanquished Creatures
  3 adders (D:2)
  A worm (D:2)
  3 dart slugs
  2 leopard geckos
  3 bats
  A giant cockroach (D:2)
  5 goblins
  7 hobgoblins
  3 jackals (D:1)
  A quokka (D:2)
  A ball python (D:1)
  A frilled lizard (D:2)
  6 kobolds
  4 rats (D:2)
41 creatures vanquished.

Notes
Turn   | Place    | Note
-------+----------+-------------------------------------------
     0 | D:1      | grindst0ne the Gargoyle Fighter began the quest for the Orb.
     0 | D:1      | Reached XP level 1. HP: 14/14 MP: 1/1
    73 | D:1      | Reached XP level 2. HP: 16/20 MP: 2/2
   182 | D:1      | Reached skill level 4 in Fighting
   609 | D:1      | Reached XP level 3. HP: 23/24 MP: 3/3
   871 | D:2      | Reached skill level 5 in Fighting
   921 | D:2      | Reached XP level 4. HP: 25/31 MP: 4/4
  1442 | D:3      | Noticed Ijyb
  1445 | D:3      | HP: 1/31 [Ijyb/wand of acid (?/15) (10)]
  1445 | D:3      | Splashed by Ijyb's acid

Skill      XL: |  1  2  3 |
---------------+----------+-----
Fighting       | 4 5 |  5.2
Axes           | |  1.7
Armour         | |  3.8
Shields        | |  3.2

Action                   |  1- 3 |  4- 6 || total
-------------------------+-------+-------++-------
Melee: War axe           |    99 |    54 ||   153
  Eat: Chunk             |       |     2 ||     2
Armor: Scale mail        |    51 |       ||    51
       Chain mail        |    28 |    25 ||    53
Dodge: Dodged            |    38 |    10 ||    48
Block: Shield            |    58 |    28 ||    86
